 Dungeon Crawl Stone Soup version 0.30.1-10-g1249ef9ec4 (webtiles) character file.

Game seed: 14154709746861981992

22 H0rd4k the Charlatan (level 2, 0/18 HPs)
             Began as an Octopode Artificer on Oct 26, 2023.
             Succumbed to a scorpion's poison
             ... on level 2 of the Dungeon.
             The game lasted 00:00:49 (576 turns).

H0rd4k the Charlatan (Octopode Artificer)            Turns: 576, Time: 00:00:50

Health: 0/18       AC:  1    Str:  8 (11) XL:     2   Next: 91%
Magic:  2/2        EV: 13    Int: 12 (13) God:
Gold:   56         SH:  0    Dex: 11 (12) Spells: 1/1 levels left

rFire   + . .        (no weapon)
rCold   + . .        (no shield)
rNeg    . . .        (helmet restricted)
rPois   +            (no amulet)
rElec   +            (no ring)
rCorr   +            (no ring)
SInv    .            (no ring)
Will    .....        (no ring)
Stlth   +++          (no ring)
HPRegen 0.23/turn    (no ring)
MPRegen 0.08/turn    (no ring)
                     (no ring)

%: no passive effects
@: lethally poisoned (0 -> -1), resistant
A: almost no armour, amphibious, 8 rings, camouflage 1, gelatinous body 1,
(nimble swimmer 1), tentacles
a: no special abilities


You were on level 2 of the Dungeon.
You visited 1 branch of the dungeon, and saw 2 of its levels.

You collected 56 gold pieces.

Inventory:

Wands
 b - a wand of flame (15) (quivered)
 c - a wand of charming (14)
 d - a wand of iceblast (5)
Scrolls
 a - a scroll of immolation {unknown}
 f - a scroll of enchant armour {unknown}
Potions
 g - a potion of flight {unknown}
 i - a potion of brilliance {unknown}


   Skills:
 + Level 1.1 Fighting
 + Level 2.9 Dodging
 - Level 1.3 Stealth
 + Level 0.5 Unarmed Combat
 + Level 3.8 Evocations


You had one spell level left.
You didn't know any spells.
Your spell library contained the following spells:

 Spells                   Type           Power      Damage    Failure   Level
 Portal Projectile        Hex/Tloc       0%         N/A       69%         3
 Tukima's Dance           Hex            0%         N/A       69%         3
 Blade Hands              Tmut           0%         N/A       100%        5


Dungeon Overview and Level Annotations

Branches:
Dungeon (2/15)

Altars:


Innate Abilities, Weirdness & Mutations

You cannot wear most types of armour.
You are amphibious.
You can wear up to eight rings at the same time.
Your skin changes colour to match your surroundings (Stealth+).
Your rubbery body absorbs attacks. (AC +1, EV +1)
((You are camouflaged when in or above water. (Stealth+)))
You have tentacles for arms and can constrict up to eight enemies at once.


Message History

Aiming: Charm
Press: ? - help, Shift-Dir - straight line, f - scorpion
Aim: a scorpion (lightly wounded, constricted by you, chance to affect: 59%)
The scorpion is charmed.
You release your grip on your scorpion.
You feel sick. The bat hits you. The goblin misses you.
Unknown command.
You barely miss the goblin. Your grab misses the goblin.
* * * LOW HITPOINT WARNING * * *
You feel sick.
The bat hits your scorpion but does no damage.
Your scorpion barely misses the goblin.
The goblin barely misses you. What are your orders? t - Shout!
Orders for allies: a - Attack new target. p - Attack previous target. r - Retreat! s - Stop attacking. g - Guard the area. f - Follow me.
Anything else - Cancel.
Guard this area!
* * * LOW HITPOINT WARNING * * *
You feel sick. The bat barely misses your scorpion.
Your scorpion stings the goblin.
The goblin is poisoned.
Your scorpion poisons the goblin!
The goblin barely misses you.
* * * LOW HITPOINT WARNING * * *
You feel sick.
Your scorpion stings the goblin.
The goblin dies!
The bat closely misses you.
The hobgoblin barely misses your scorpion.
You see here a clear potion.
It was a potion of degeneration.
There was something very wrong with that liquid.
You feel weakened.
You feel dopey.
You feel clumsy.
* * * LOW HITPOINT WARNING * * *
You feel sick.
Your scorpion barely misses the hobgoblin.
The bat hits you.
* * * LOW HITPOINT WARNING * * *
The hobgoblin hits your scorpion.
It was a potion of resistance.
You feel protected.
You die...

### #... ......
..#.. #.#.. #.#.#
#..g# #
.#####.s###.##.
.................
...#####.@.......
.........b.......
..........#......
..####.#.#.....#
#.#.#...>..
####.#.#.#..##
#.............
##.##.#...#..##
#<.##.###.#


You could see a hobgoblin (ally target), a bat and a friendly scorpion
(charmed).

Vanquished Creatures
  3 bats (D:1)
  5 endoplasms (D:1)
  A giant cockroach (D:1)
  3 jackals (D:1)
  A kobold (D:1)
  A quokka (D:1)
  A frilled lizard (D:1)
  A rat (D:1)
16 creatures vanquished.

Vanquished Creatures (collateral kills)
  A goblin (D:2)
1 creature vanquished.

Grand Total: 17 creatures vanquished

Notes
Turn   | Place    | Note
-------+----------+-------------------------------------------
     0 | D:1      | H0rd4k the Octopode Artificer began the quest for the Orb.
     0 | D:1      | Reached XP level 1. HP: 13/13 MP: 1/1
    77 | D:1      | Reached XP level 2. HP: 15/18 MP: 2/2
   565 | D:2      | Noticed a scorpion
   576 | D:2      | Succumbed to a scorpion's poison

Illustrated notes

Levels and vault maps discovered:
D:1:      amcnicky_arrival_feature_with_door, layout_basic,
          roderic_roman_lattice, kennysheep_boxes
D:2:      layout_basic, serial_shops, nicolae_shop_hallway_plus,
          kennysheep_generic_room_8

Action                     || total
---------------------------++-------
  Melee: Unarmed           ||    49
         Tentacles         ||    11
         Constrict         ||    11
         Punch             ||     2
  Evoke: Wand              ||     1
    Use: Potion            ||     2
   Stab: Sleeping          ||     3
 Armour: Skin              ||     7
  Dodge: Dodged            ||    37
